 Dungeon Crawl Stone Soup version 0.32-a0-42-ga30500b4d3 (webtiles) character file.

Game seed: 11779490475257718589

15703 Newt the Fighter (level 12, -5/84 HPs)
             Began as a Gargoyle Monk on Jan 31, 2024.
             Was the Champion of Okawaru.
             Slain by a shadow (30 damage)
             ... on level 11 of the Dungeon.
             The game lasted 00:12:57 (9488 turns).

Newt the Fighter (Gargoyle Monk)                    Turns: 9488, Time: 00:12:57

Health: -5/84      AC: 29    Str: 18    XL:     12   Next: 29%
Magic:  12/12      EV:  7    Int: 16    God:    Okawaru [******]
Gold:   768        SH: 25    Dex: 23    Spells: 11/11 levels left

rFire   . . .        l - +4 morningstar (elec)
rCold   . . .        q - +7 tower shield "Xalu" {rPois Int+3 Stlth-}
rNeg    + . .        y - +4 chain mail of Makhleb's Fury {Dex+5}
rPois   ∞            i - +0 helmet
rElec   +            A - +0 cloak
rCorr   +            o - +0 pair of gloves
SInv    .            M - +0 pair of boots
Will    .....        (no amulet) Stlth
                     m - +6 ring of dexterity
HPRegen 0.34/turn    N - ring of resist corrosion
MPRegen 0.13/turn

%: no passive effects
@: studying Evocations
A: sickness immunity, AC +8, negative energy resistance 1, electricity
resistance, torment resistance 1, petrification resistance
a: Renounce Religion, Heroism, Finesse, Duel, Receive Armour


You were on level 11 of the Dungeon.
You worshipped Okawaru.
Okawaru was exalted by your worship.
You visited 2 branches of the dungeon, and saw 12 of its levels.

You collected 768 gold pieces.

Inventory:

Hand Weapons
 a - a +0 mace
 f - a +3 heavy mace
 k - a +1 flail of distortion
 l - a +4 morningstar of electrocution (weapon)
 F - the +8 lance "Wyrmbane" {slay drac, rPois rF+ rC+ AC+3}
   (Okawaru gifted it to you on level 10 of the Dungeon)

   AC+3:      It affects your AC (+3).
   rF+:       It protects you from fire.
   rC+:       It protects you from cold.
   rPois:     It protects you from poison
Missiles
 n - 5 poisoned darts
 t - 10 boomerangs (quivered)
 D - 4 throwing nets
 I - a datura-tipped dart
Armour
 b - a +0 robe
 d - an orb of light
 i - a +0 helmet (worn)
 o - a +0 pair of gloves (worn)
 q - the +7 tower shield "Xalu" (worn) {rPois Int+3 Stlth-}
   (You found it on level 8 of the Dungeon)

   Int+3:     It affects your intelligence (+3).
   rPois:     It protects you from poison Stlth-: It makes you less stealthy.
 s - a +0 plate armour
 u - a +0 scale mail
 y - the +4 chain mail of Makhleb's Fury (worn) {Dex+5}
   (You found it on level 7 of the Dungeon)

   Dex+5:     It affects your dexterity (+5).
 A - a +0 cloak (worn)
 M - a +0 pair of boots (worn)
Jewellery
 m - a +6 ring of dexterity (left hand)
 E - a ring of fire
 N - a ring of resist corrosion (right hand)
Wands
 j - a wand of charming (15)
 v - a wand of flame (10)
 J - a wand of polymorph (8)
 K - a wand of digging (4)
 L - a wand of mindburst (5)
Scrolls
 p - 2 scrolls of fog
 x - a scroll of brand weapon
 G - a scroll of vulnerability
Potions
 c - a potion of ambrosia
 e - 2 potions of heal wounds {unknown}
 g - 2 potions of degeneration {unknown}
 h - a potion of attraction
 r - 3 potions of curing
 w - a potion of mutation {unknown}
 z - a potion of invisibility {unknown}
 B - 2 potions of berserk rage {unknown}
 C - 2 potions of lignification {unknown}
 H - 2 potions of magic {unknown}


   Skills:
 + Level 13.0 Fighting
 - Level 8.1 Maces & Flails
 * Level 6.6 Throwing
 - Level 9.1 Armour
 - Level 2.4 Dodging
 - Level 8.4 Shields
 - Level 4.0 Evocations


You had 11 spell levels left.
You didn't know any spells.
Your spell library contained the following spells:

 Spells                   Type           Power      Damage    Failure   Level
 Freeze                   Ice            0%         1d3       100%        1
 Blink                    Tloc           0%         N/A       100%        2
 Ensorcelled Hibernation  Hex/Ice        0%         N/A       100%        2
 Jinxbite                 Hex            0%         N/A       100%        2
 Lesser Beckoning         Tloc           0%         N/A       100%        2
 Momentum Strike          Conj/Tloc      0%         3d8       100%        2
 Static Discharge         Conj/Air       0%         3-3/arc   100%        2
 Frozen Ramparts          Ice            0%         1d1       100%        3
 Fugue of the Fallen      Necr           0%         N/A       100%        3
 Hailstorm                Conj/Ice       0%         3d5       100%        3
 Sigil of Binding         Hex            0%         N/A       100%        3
 Airstrike                Air            0%         2d(0-16)  100%        4
 Anguish                  Hex/Necr       0%         N/A       100%        4
 Cause Fear               Hex            0%         N/A       100%        4
 Ignite Poison            Fire/Alch      0%         N/A       100%        4
 Leda's Liquefaction      Alch/Erth      0%         N/A       100%        4
 Olgreb's Toxic Radiance  Alch           0%         N/A       100%        4
 Sticky Flame             Fire/Alch      0%         2d4       100%        4
 Fireball                 Conj/Fire      0%         3d3       100%        5
 Lee's Rapid Deconstruct  Erth           0%         3d4*      100%        5
 Yara's Violent Unravell  Hex/Alch       0%         3d3       100%        5
 Bombard                  Conj/Erth      0%         9d1       100%        6
 Enfeeble                 Hex            0%         N/A       100%        7
 Ozocubu's Refrigeration  Ice            0%         4d7       100%        7
 Discord                  Hex            0%         N/A       100%        8
 Ignition                 Fire           0%         3d3       100%        8
 Summon Lightning Spire   Summ/Air       Unusable   N/A       N/A         4
 Dragon's Call            Summ           Unusable   N/A       N/A         9

Dungeon Overview and Level Annotations

Branches:
Dungeon (11/15)            Temple (1/1) D:6            Lair (0/5) D:8
    Orc (0/2) D:9

Altars:
Ashenzari
Cheibriados
Dithmenos
Elyvilon
Fedhas
Gozag
Hepliaklqana
Kikubaaqudgha
Nemelex Xobeh
Okawaru
Qazlal
Ru
Sif Muna
Trog
Uskayaw
Vehumet
Wu Jian
Xom
Yredelemnul
Zin
The Shining One


Innate Abilities, Weirdness & Mutations

You are immune to sickness and miasma.
Your stone body is resilient. (AC +8)
You are immune to poison.
You resist negative energy. (rN+)
You are resistant to electric shocks. (rElec)
You are resistant to unholy torment.
You are immune to petrification.


Message History

You block the shadow's attack. x2
Unknown command.
You puncture the two-headed ogre!
The two-headed ogre is moderately wounded.
You block the two-headed ogre's attack. The two-headed ogre barely misses you.
You block the shadow's attack.
Unknown command.
Unknown command.
You puncture the two-headed ogre!
Lightning courses through the two-headed ogre!
The two-headed ogre is almost dead.
You block the two-headed ogre's attack.
The two-headed ogre hits you with a +0 dire flail.
You block the shadow's attack.
Unknown command.
Unknown command.
You puncture the two-headed ogre!
You kill the two-headed ogre!
Okawaru accepts your kill. You block the shadow's attack.
The shadow slips into darkness.
The shadow flickers and vanishes!
Deactivating autopickup; reactivate with Ctrl-A.
Your Fighting skill increases to level 13!
You closely miss something.
The shadow strikes at you from the darkness!
* * * LOW HITPOINT WARNING * * *
Reactivating autopickup.
Unknown command.
You barely miss the shadow. The shadow hits you.
The shadow slips into darkness.
The shadow flickers and vanishes!
Deactivating autopickup; reactivate with Ctrl-A.
Unknown command.
You barely miss something.
The shadow strikes at you from the darkness!
Unknown command.
You closely miss something.
The shadow strikes at you from the darkness!
You die...

#.. .### ##.. ####.#.#
...##......#. #.#.........
#.##.........#
#.##.........#
#.##.<.......#
###.##{#)......#
#......@#...#..#
#)..##..##### ## ##..##..#
#......### #.##.........
#.###..######
#####.###.......###########
#..).....#.................
#.....................)....


There were no monsters in sight!

Vanquished Creatures
  An ogre mage (D:10)
  A boulder beetle (D:11)
  7 two-headed ogres
  A centaur warrior (D:8)
  Sonja (D:10)
  An ugly thing (D:11)
  Maurice (D:7)
  2 unseen horrors
  A merfolk (D:9)
  2 polar bears (D:8)
  3 trolls
  A slime creature (D:8)
  A vampire (D:9)
  A wyvern (D:9)
  11 yaks
  2 steam dragons
  Menkaure (D:6)
  An acid dragon (D:11)
  3 water moccasins
  4 orc warriors
  2 ice beasts (D:8)
  An ogre (D:10)
  4 wolves (D:8)
  6 centaurs
  A phantom (D:6)
  A bullfrog (D:7)
  A scorpion (D:6)
  3 gnoll sergeants
  A burial acolyte (D:8)
  7 wights
  10 killer bees
  An electric eel (D:8)
  A hound (D:6)
  2 sleepcaps (D:7)
  2 jellies
  2 gnoll boudas
  4 orc priests
  2 iguanas (D:4)
  9 orc wizards
  A centaur simulacrum (D:8)
  2 killer bee simulacra (D:8)
  Robin (D:2)
  4 adders
  25 gnolls
  A shadow imp (D:6)
  9 white imps
  An ufetubus (D:8)
  9 dart slugs
  32 orcs
  6 endoplasms
  5 giant cockroaches
  16 goblins
  9 hobgoblins
  4 jackals (D:1)
  3 kobolds
  3 quokkas
  11 ball pythons
  11 bats
  4 frilled lizards
  2 jackal zombies (D:8)
  5 rats
270 creatures vanquished.

Vanquished Creatures (others)
  A wolf (D:8)
  A gnoll (D:8)
2 creatures vanquished.

Grand Total: 272 creatures vanquished

Notes
Turn   | Place    | Note
-------+----------+-------------------------------------------
     0 | D:1      | Newt the Gargoyle Monk began the quest for the Orb.
     0 | D:1      | Reached XP level 1. HP: 14/14 MP: 1/1
   253 | D:1      | Reached XP level 2. HP: 14/19 MP: 2/2
   414 | D:1      | Found a faded altar of an unknown god.
   492 | D:1      | Reached XP level 3. HP: 23/24 MP: 3/3
   931 | D:2      | Reached skill level 4 in Fighting
  1022 | D:2      | Noticed Robin
  1032 | D:2      | Killed Robin
  1033 | D:2      | Reached XP level 4. HP: 22/29 MP: 4/4
  1518 | D:3      | Reached XP level 5. HP: 28/34 MP: 5/5
  1726 | D:3      | Reached skill level 5 in Maces & Flails
  2501 | D:4      | Reached XP level 6. HP: 40/40 MP: 6/6
  2555 | D:5      | Entered Level 5 of the Dungeon
  2559 | D:5      | Reached skill level 5 in Fighting
  2606 | D:5      | Found an ornate altar of the Wu Jian Council.
  2606 | D:5      | Found a bloodstained altar of Trog.
  2698 | D:5      | Found a hazy altar of Hepliaklqana.
  2707 | D:5      | You fall into a shaft and drop 1 floor!
  2953 | D:6      | Found a staircase to the Ecumenical Temple.
  3003 | Temple   | Entered the Ecumenical Temple
  3013 | Temple   | Became a worshipper of Warmaster Okawaru
  3013 | Temple   | Reached * piety under Okawaru
  3013 | Temple   | Reached ** piety under Okawaru
  3041 | D:6      | Noticed a water moccasin
  3051 | D:6      | Killed a water moccasin
  3052 | D:6      | Reached XP level 7. HP: 41/45 MP: 7/7
  3201 | D:6      | Reached skill level 6 in Fighting
  3285 | D:6      | Noticed Menkaure
  3286 | D:6      | Found a broken altar of Ashenzari.
  3295 | D:6      | Killed Menkaure
  3296 | D:6      | Reached XP level 8. HP: 38/52 MP: 8/8
  3907 | D:7      | Reached *** piety under Okawaru
  3908 | D:7      | Reached skill level 1 in Armour
  3986 | D:7      | Reached skill level 7 in Fighting
  4465 | D:7      | Reached skill level 5 in Armour
  4510 | D:7      | Reached **** piety under Okawaru
  4511 | D:7      | Reached XP level 9. HP: 59/59 MP: 9/9
  4571 | D:7      | Found a sacrificial altar of Ru.
  4613 | D:7      | Found a basalt altar of Yredelemnul.
  4681 | D:7      | Identified the +4 chain mail of Makhleb's Fury {Dex+5}
  4729 | D:7      | Noticed Maurice
  4744 | D:7      | Maurice stole 5 poisoned darts
  4754 | D:7      | Maurice stole a +0 mace
  4756 | D:7      | Maurice stole 380 gold
  4773 | D:7      | Killed Maurice
  4774 | D:7      | Reached skill level 8 in Fighting
  5290 | D:8      | Noticed a polar bear
  5334 | D:8      | Killed a polar bear
  5344 | D:8      | Reached skill level 9 in Fighting
  5606 | D:8      | Reached ***** piety under Okawaru
  5897 | D:9      | Reached XP level 10. HP: 66/66 MP: 10/10
  5909 | D:9      | Reached skill level 1 in Evocations
  6519 | D:8      | Found an ancient bone altar of Kikubaaqudgha.
  6632 | D:8      | Found a blossoming altar of Fedhas.
  6647 | D:8      | Found a stormy altar of Qazlal.
  6669 | D:8      | Reached skill level 10 in Fighting
  6738 | D:8      | Found a staircase to the Lair.
  6747 | D:8      | Noticed a centaur warrior
  6774 | D:8      | Noticed an unseen horror
  6868 | D:8      | Noticed a two-headed ogre
  6878 | D:8      | Killed a two-headed ogre
  6878 | D:8      | Received a gift from Okawaru
  6902 | D:8      | Killed a centaur warrior
  6917 | D:8      | Killed an unseen horror
  6918 | D:8      | Reached skill level 5 in Shields
  6920 | D:8      | Identified the +7 tower shield "Xalu" {rPois Int+3 Stlth-}
  7030 | D:8      | Got Viwaq's Directory of Guile
  7128 | D:8      | Reached skill level 11 in Fighting
  7128 | D:8      | Reached XP level 11. HP: 74/74 MP: 11/11
  7484 | D:9      | Found a white marble altar of Elyvilon.
  7547 | D:9      | Found a shimmering altar of Xom.
  7820 | D:9      | Found a staircase to the Orcish Mines.
  8144 | D:10     | Entered Level 10 of the Dungeon
  8323 | D:10     | Found a radiant altar of Vehumet.
  8512 | D:10     | Received a gift from Okawaru
  8561 | D:10     | Noticed Sonja
  8566 | D:10     | Killed Sonja
  8567 | D:10     | Reached skill level 1 in Throwing
  8662 | D:10     | Found a white marble altar of Elyvilon.
  8960 | D:11     | Noticed a boulder beetle
  8979 | D:11     | Killed a boulder beetle
  8980 | D:11     | Reached skill level 12 in Fighting
  9059 | D:11     | Noticed a two-headed ogre
  9059 | D:11     | Noticed a two-headed ogre
  9059 | D:11     | Noticed an ogre mage
  9082 | D:10     | Killed a two-headed ogre
  9088 | D:11     | Killed a two-headed ogre
  9101 | D:11     | Identified a scroll of acquirement
  9101 | D:11     | Acquired a manual of Evocations
  9131 | D:11     | Noticed a two-headed ogre
  9143 | D:11     | Noticed a two-headed ogre
  9152 | D:10     | Killed a two-headed ogre
  9152 | D:10     | Reached ****** piety under Okawaru
  9161 | D:10     | Killed an ogre mage
  9161 | D:10     | Received a gift from Okawaru
  9162 | D:10     | Reached skill level 5 in Throwing
  9162 | D:10     | Reached XP level 12. HP: 36/82 MP: 12/12
  9400 | D:10     | Acquired the +8 lance "Wyrmbane" {slay drac, rPois rF+ rC+
                  | AC+3}
  9400 | D:10     | Received a gift from Okawaru
  9400 | D:10     | Found the +8 lance "Wyrmbane" {slay drac, rPois rF+ rC+
                  | AC+3}
  9411 | D:11     | Killed a two-headed ogre
  9456 | D:11     | Noticed a two-headed ogre
  9458 | D:11     | Noticed a two-headed ogre
  9474 | D:11     | Killed a two-headed ogre
  9484 | D:11     | Killed a two-headed ogre
  9485 | D:11     | Reached skill level 13 in Fighting
  9488 | D:11     | Slain by a shadow

Illustrated notes

Levels and vault maps discovered:
D:1:      nzn_arrival_settlement, layout_loops_cross,
          chequers_ecumenical_altar_simple, minivault_27,
          minmay_misc_feat_secret_circle
D:2:      layout_rooms, uniq_robin
D:3:      kennysheep_slugbush, layout_basic
D:4:      layout_cave_pools, chequers_serial_rivers_micro_c
D:5:      layout_basic, lemuel_crystal_altar, nzn_hepliaklqana_mist_gate,
          gammafunk_temple_overflow_wave, uniq_prince_ribbit1
D:6:      layout_loops_ring, cheibrodos_ashenzari_chains,
          minmay_temple_entry_gardened_gates, patterned_corridor, uniq_menkaure
D:7:      layout_loops_ring, kennysheep_mini_moat,
          mainiacjoe_overflow_surrounded_room, uniq_maurice
D:8:      layout_basic, grunt_temple_overflow_forces_of_nature,
          lemuel_zombie_altar_kikubaaqudgha, lair_entry_dummy, serial_ice,
          serial_ice_d, serial_ice_e, serial_ice_k, serial_ice_h, serial_ice_n,
          serial_ice_o, serial_ice_c, serial_ice_a, serial_ice_m, serial_ice_b,
          minmay_diamond_spiral
D:9:      layout_basic, mainiacjoe_overflow_small_starburst, orc_0_dummy,
          roadster_trireme
D:10:     layout_loops_ring, elyvilon_altar_5, vehumet_crystals, library_closet,
          uniq_sonja
D:11:     minmay_recursive_quarters, layout_rooms
Temple:   jpeg_temple_island

Skill      XL: |  1  2  3  4  5  6  7  8  9 10 11 12 |
---------------+-------------------------------------+-----
Maces & Flails | 4 5 6 7 8 |  8.1
Fighting       | 4 5 6 7 9 11 12 13 | 13.0
Armour         | 5 9 |  9.1
Evocations     | 4 |  4.0
Shields        | 5 8 |  8.4
Throwing       | 5 6 |  6.6
Dodging        | |  2.4

Action                     |  1- 3 |  4- 6 |  7- 9 | 10-12 || total
---------------------------+-------+-------+-------+-------++-------
  Melee: Mace              |   124 |   208 |   292 |    86 ||   710
         Morningstar       |       |       |       |   282 ||   282
  Throw: Boomerang         |       |       |     8 |     1 ||     9
 Invoke: Heroism           |       |       |       |     1 ||     1
         Receive Weapon    |       |       |       |     1 ||     1
  Evoke: Wand              |       |       |       |     1 ||     1
    Use: Scroll            |     1 |     3 |     7 |     6 ||    17
         Potion            |       |       |     2 |     1 ||     3
 Armour: Robe              |    91 |   158 |    24 |       ||   273
         Scale mail        |       |       |    88 |       ||    88
         Chain mail        |       |       |   226 |   387 ||   613
  Dodge: Dodged            |    97 |   189 |   189 |   167 ||   642
  Block: Tower shield      |       |       |       |   435 ||   435

Table legend: (Time is in decaauts)
 A = Elapsed time spent in this place.
 B = Non-inter-level travel time spent in this place.
 C = Inter-level travel time spent in this place.
 D = Time resting spent in this place.
 E = Time spent auto-exploring this place.
 F = Levels seen in this place.
 G = Mean time per level.
                   A        B        C        D        E       F      G
               +--------+--------+--------+--------+--------+-----+--------+
         Total |   9725 |   9304 |    421 |   1562 |   5607 |  12 |  810.4 |
       Dungeon |   9705 |   9303 |    402 |   1562 |   5607 |  11 |  882.3 |
        Temple |     19 |      1 |     18 |      0 |      0 |   1 |   19.0 |
               +--------+--------+--------+--------+--------+-----+--------+

Top non-repeatable levels by time:
     D:9: 1699 daAuts
     D:8: 1522 daAuts
     D:7: 1184 daAuts
     D:6: 1124 daAuts
    D:10: 1114 daAuts
     D:1: 912 daAuts
     D:2: 628 daAuts
     D:4: 544 daAuts
     D:3: 537 daAuts
    D:11: 285 daAuts
     D:5: 153 daAuts
  Temple: 19 daAuts
